 Dungeon Crawl Stone Soup version 0.29.0-11-gd7f09526c8 (webtiles) character file.

Game seed: 421944299303947053

6 Persephone the Shooter (level 1, -5/18 HPs)
             Began as a Minotaur Hunter on Sept 6, 2022.
             Slain by a gnoll
             ... wielding a +0 spear
              (8 damage)
             ... on level 1 of the Dungeon.
             The game lasted 00:00:15 (93 turns).

Persephone the Shooter (Minotaur Hunter)              Turns: 93, Time: 00:00:16

Health: -5/18      AC:  3    Str: 15    XL:     1   Next: 75%
Magic:  0/0        EV: 12    Int:  6    God:
Gold:   24         SH:  0    Dex: 13    Spells: 0/0 levels left

rFire   . . .      SeeInvis .   a - +0 shortbow
rCold   . . .      Faith    .   (shield currently unavailable)
rNeg    . . .      Spirit   .   c - +0 leather armour
rPois   .          Reflect  .   (helmet restricted)
rElec   .          Harm     .   (no cloak)
rCorr   .          Rampage  .   (no gloves)
Will    .....                   (no boots)
Stlth   +.........              (no amulet)
HPRegen 0.06/turn               (no ring)
MPRegen 0.07/turn               (no ring)

@: no status effects
A: horns 2, retaliatory headbutt
a: no special abilities


You were on level 1 of the Dungeon.
You visited 1 branch of the dungeon, and saw 1 of its levels.

You collected 24 gold pieces.

Inventory:

Hand Weapons
 a - a +0 shortbow (weapon)
Missiles
 d - a throwing net
Armour
 c - a +0 leather armour (worn)
Scrolls
 b - a scroll of immolation
Potions
 e - a potion of berserk rage {unknown}


   Skills:
 + Level 2.6 Fighting
 + Level 4.4 Ranged Weapons
 + Level 2.3 Dodging
 + Level 1.0 Stealth


You couldn't memorise any spells.
You didn't know any spells.
Your spell library was empty.

Dungeon Overview and Level Annotations

Branches:
Dungeon (1/15)

Altars:

Shops:
D:1 *


Innate Abilities, Weirdness & Mutations

You have a pair of horns on your head.
You reflexively headbutt those who attack you in melee.


Message History

You shoot an arrow.
The arrow hits the kobold but does no damage.
A goblin comes into view. It is wielding a +0 dagger.
You shoot an arrow. The arrow closely misses the kobold.
The goblin shouts!
You hear a shout!
A ball python comes into view.
The ball python misses you. The ball python closely misses you.
You shoot an arrow. The arrow hits the ball python.
You kill the ball python!
The kobold misses you.
Your Stealth skill increases to level 1!
You shoot an arrow. The arrow barely misses the kobold.
The kobold hits you with a +0 dagger. x2
The frilled lizard closely misses you.
You shoot an arrow. The arrow hits the frilled lizard.
You kill the frilled lizard!
You hear a shout!
A rat comes into view.
The kobold misses you. You furiously retaliate!
You headbutt the kobold.
You kill the kobold!
You shoot an arrow.
The arrow hits the goblin but does no damage.
A gnoll comes into view. It is wielding a +0 spear.
You shoot an arrow.
The arrow hits the gnoll but does no damage.
The gnoll barely misses you. The goblin barely misses you.
The goblin hits you but does no damage. The gnoll hits you with a +0 spear!
Ouch! That really hurt!
* * * LOW HITPOINT WARNING * * *
You are too injured to fight recklessly!
You are too injured to fight recklessly!
The gnoll hits you from afar with a +0 spear.
* * * LOW HITPOINT WARNING * * *
Fire: a) +0 shortbow
Press: ? - help, Shift-Dir - straight line, f/p - gnoll
Aim: a gnoll, wielding a +0 spear (64% to hit)
You shoot an arrow. The arrow hits the goblin!
You kill the goblin!
The gnoll hits you from afar with a +0 spear!
You die...

'####.. .....
... .
........
..... ... .
..###...
........##.
..#
..(...#... #
..#
....r.#..##.#
.####
........|..
....##
......g).#
.....# #)#
...#...
#@#########
...# #.
#.........#
...#
#########.#
...#
..........#
'###
########..#
.# #..# ##
#..# ###..#
#####....#


You could see a gnoll and a rat.

Vanquished Creatures
  2 ball pythons (D:1)
  A bat (D:1)
  A goblin (D:1)
  A frilled lizard (D:1)
  2 kobolds (D:1)
7 creatures vanquished.

Notes
Turn   | Place    | Note
-------+----------+-------------------------------------------
     0 | D:1      | Persephone the Minotaur Hunter began the quest for the Orb.
     0 | D:1      | Reached XP level 1. HP: 18/18 MP: 0/0
    49 | D:1      | Found Ygolemp's Assorted Antiques.
    88 | D:1      | Reached skill level 1 in Stealth
    93 | D:1      | Slain by a gnoll

Illustrated notes

Levels and vault maps discovered:
D:1:      doesnt_arrival_eight_statues, layout_basic,
          ebering_ecumenical_altar_hall, serial_shops,
          nicolae_shop_overgrown_old_shop

Skill      XL: |  1 |
---------------+----+-----
Stealth        | 1 |  1.0
Fighting       | |  2.6
Ranged Weapons | |  4.4
Dodging        | |  2.3

Action                   || total
-------------------------++-------
 Fire: Shortbow          ||    14
Armor: Leather armour    ||     1
Dodge: Dodged            ||     8
